 Dungeon Crawl Stone Soup version 0.23-a0-419-g0174fd8 (webtiles) character file.

159168 Amnesiac the Imperceptible (level 17, -1/98 HPs)
             Began as a Spriggan Enchanter on Nov 13, 2018.
             Was an Initiate of Gozag.
             Killed from afar by a deep elf annihilator (51 damage)
             ... with a crystal spear
             ... on level 3 of the Elven Halls.
             The game lasted 01:46:34 (31494 turns).

Amnesiac the Imperceptible (Spriggan Enchanter)    Turns: 31494, Time: 01:46:36

Health: -1/98      AC:  9    Str:  4    XL:     17   Next: 15%
Magic:  22/29      EV: 35    Int: 21    God:    Gozag
Gold:   1668       SH:  0    Dex: 19    Spells: 4/31 levels left

rFire    + . .     SeeInvis +   a - +0 dagger (drain)
rCold    + . .     Gourm    .   (shield restricted)
rNeg     . . .     Faith    .   z - +2 robe {rC+ rF+}
rPois    .         Spirit   .   l - +2 hat
rElec    .         Reflect  .   w - +2 cloak {MR+}
rCorr    .         Harm     .   (gloves unavailable)
MR       +++..                  (boots unavailable)
Stlth    +++++++++.             b - amulet of the acrobat
HPRegen  0.26/turn              y - +5 ring of evasion
MPRegen  0.21/turn              p - ring of stealth

@: gold aura, very slightly contaminated, invisible, very quick
A: very small, unfitting armour, horns 1, see invisible, blink, herbivore, speed
3, slow metabolism 2
a: Blink, Potion Petition, Call Merchant, Bribe Branch, Renounce Religion


You were on level 3 of the Elven Halls.
You worshipped Gozag.
Gozag was most pleased with you.
You were full.

You visited 6 branches of the dungeon, and saw 25 of its levels.
You also visited: Ice Cave.

You collected 10053 gold pieces.
You spent 1651 gold pieces at shops.
You paid 6734 gold pieces to Gozag.

Inventory:

Hand Weapons
 a - a +0 dagger of draining (weapon)
Armour
 l - a +2 hat (worn)
 w - a +2 cloak of magic resistance (worn)
 z - a +2 robe of resistance (worn)
 F - a +0 buckler
Jewellery
 b - an amulet of the acrobat (around neck)
 p - a ring of stealth (right hand)
 u - a +2 ring of slaying
 y - a +5 ring of evasion (left hand)
 B - an uncursed ring of protection from fire
Wands
 g - a wand of paralysis (42)
 m - a wand of iceblast (28)
 D - a wand of disintegration (9)
 I - a wand of digging (8)
 N - a wand of enslavement (18)
Scrolls
 c - 2 scrolls of blinking {!r}
 h - 3 scrolls of enchant weapon {!r}
 j - 14 scrolls of remove curse {!r}
 n - 3 scrolls of fog {!r}
 o - 3 scrolls of identify {!r}
 r - 6 scrolls of teleportation {!r}
 t - a scroll of enchant armour {!r}
 E - 4 scrolls of amnesia {!r}
 H - 2 scrolls of magic mapping {!r}
 K - 2 scrolls of silence {!r}
 L - a scroll of vulnerability {!r}
 P - a scroll of summoning {!r}
Potions
 e - 9 potions of agility {!q}
 f - 2 potions of mutation {!q}
 i - 2 potions of curing {!q}
 k - 2 potions of invisibility {!q}
 q - a potion of ambrosia {!q}
 s - 4 potions of resistance {!q}
 v - 6 potions of haste {!q}
 x - a potion of brilliance {!q}
 A - 4 potions of flight {!q}
 C - 4 potions of lignification {!q}
 G - 3 potions of might {!q}
 M - 2 potions of cancellation {!q}
Miscellaneous
 Q - a phantom mirror
Comestibles
 d - 23 rations


   Skills:
 - Level 14.6 Fighting
 - Level 10.0 Short Blades
 - Level 13.0 Dodging
 - Level 25.0 Stealth
 + Level 6.4 Shields
 - Level 7.5 Spellcasting
 - Level 10.0 Hexes
 - Level 8.0 Evocations


You had 4 spell levels left.
You knew the following spells:

 Your Spells              Type           Power        Failure   Level  Hunger
a - Ensorcelled Hibernat  Hex/Ice        ####..       1%          2    None
b - Apportation           Tloc           #.....       9%          1    None
c - Mephitic Cloud        Conj/Pois/Air  #.......     26%         3    None
d - Dazzling Spray        Conj/Hex       ####..       3%          3    None
e - Confuse               Hex            #####...     1%          3    None
f - Invisibility          Hex            #####...     22%         6    ######.
g - Summon Butterflies    Summ           #.......     9%          1    None
s - Conjure Flame         Conj/Fire      #.......     26%         3    None
v - Blink                 Tloc           N/A          13%         2    None
w - Tukima's Dance        Hex            #####...     1%          3    None

Your spell library contained the following spells:

 Spells                   Type           Power        Failure   Level  Hunger
 Corona                   Hex            #####..      1%          1    None
 Slow                     Hex            #####...     1%          2    None
 Cause Fear               Hex            #####.....   1%          4    ###....
 Inner Flame              Hex/Fire       ####....     3%          3    None
 Portal Projectile        Hex/Tloc       ####..       3%          3    None
 Magic Dart               Conj           #...         9%          1    None
 Leda's Liquefaction      Hex/Erth       ####......   11%         4    ###....
 Call Imp                 Summ           #.......     13%         2    None
 Ignite Poison            Fire/Tmut/Pois #.......     26%         3    None
 Lesser Beckoning         Tloc           #.........   26%         3    None
 Alistair's Intoxication  Tmut/Pois      #.......     93%         5    #####..
 Fireball                 Conj/Fire      #.........   93%         5    #####..
 Bolt of Fire             Conj/Fire      #.........   100%        6    ######.
 Ring of Flames           Chrm/Fire      #.........   100%        7    #######
 Ignition                 Fire           #.........   100%        8    #######


Dungeon Overview and Level Annotations

Branches:
Dungeon (12/15)            Temple (1/1) D:6            Lair (6/6) D:11
 Shoals (0/4) Lair:3       Spider (0/4) Lair:2        Slime (1/5) Lair:5
    Orc (2/2) D:11            Elf (3/3) Orc:2

Altars:
Ashenzari
Cheibriados
Dithmenos
Elyvilon
Fedhas
Gozag
Hepliaklqana
Kikubaaqudgha
Makhleb
Nemelex Xobeh
Okawaru
Qazlal
Ru
Sif Muna
Trog
Uskayaw
Vehumet
Wu Jian
Xom
Yredelemnul
Zin
The Shining One
Beogh

Shops:
D:8 }   D:9 =   D:11 [?(=   Orc:1 (   Orc:2 (?[*(=[:=

Annotations:
D:11 exclusions: 2 tormentors and 2 more exclusions
D:12 loot


Innate Abilities, Weirdness & Mutations

You are very small and have problems with some larger weapons.
You are too small for most types of armour.
You have supernaturally acute eyesight. (SInv)
You are a herbivore.
You cover ground extremely quickly.
You need to consume almost no food.
You have a pair of small horns on your head.
You can translocate small distances at will.


Message History

You now have 1663 gold pieces (gained 7).
u - a +2 ring of slaying;
G - 3 potions of might {!q} (gained 1)
E - 4 scrolls of amnesia {!r} (gained 1)
Things that are here:
a +0 trident; a cursed -1 leather armour
Things that are here:
a +0 leather armour; a +0 dagger
Things that are here:
a +0 chain mail; a +0 rapier You now have 1668 gold pieces (gained 5).
Things that are here:
a +0 long sword; a +0 chain mail You enter a teleport trap!
The teleport trap disappears.
Your surroundings suddenly seem different.
A deep elf mage, a deep elf high priest, 2 deep elf annihilators and a deep elf A deep elf annihilator is wielding a +1 short sword of electrocution.
The deep The deep elf mage moves out of view.
Found five items.
There are monsters nearby!
There are monsters nearby!
There are monsters nearby!
A deep elf annihilator comes into view.
It is wielding a +1 long sword of holy The deep elf annihilator shouts!
You hear a shout!
The deep elf annihilator shouts!
You hear a shout! x2
A deep elf blademaster comes into view. It is wielding two +0 rapiers.
The deep elf annihilator shouts!
Found 10 gold pieces.
Casting: Mephitic Cloud (safe; 26% risk of failure)
Confirm with . or Enter, or press ? or * to list all spells.
Aiming: Invisibility (quite dangerous; 22% risk of failure)
Press: ? - help, Shift-Dir - straight line, f - you You fade into invisibility!
You are very lightly contaminated with residual magic.
The deep elf high priest shouts!
The deep elf blademaster shouts!
You hear a shout!
A deep elf blademaster comes into view. It is wielding two +0 short swords.
The deep elf annihilator points at you and mumbles some strange words.
The bolt of lightning misses you.
Unknown command.
You catch the helpless deep elf master archer completely off-guard!
You perforate the deep elf master archer like a sieve!!!
You drain the deep elf master archer!
You kill the deep elf master archer!
A deep elf sorcerer comes into view. It is wielding a +0 rapier.
The deep elf annihilator points at you and mumbles some strange words.
The bolt of lightning misses you.
A deep elf annihilator comes into view. It is wielding a +0 short sword.
You catch the helpless deep elf blademaster completely off-guard!
You skewer the deep elf blademaster like a kebab!!!
The deep elf annihilator shouts!
The deep elf blademaster is heavily wounded.
The deep elf high priest says, "Oblivion to the unbeliever."
The deep elf blademaster completely misses you.
The deep elf blademaster misses you.
You miss the deep elf blademaster.
The deep elf blademaster is heavily wounded.
The deep elf annihilator gestures at you while chanting.
The iron shot hits you!
The deep elf annihilator points at you and mumbles some strange words.
The crystal spear hits you!
Ouch! That really hurt!
You die...
Your body crumbles into a pile of gold.

#..... #..... $
.#..... }.## ..
.'..... $ (e. ...
.'ee...## e. #...
.'..e...##:##....
#....ee.#e#.....
#....@e........
#..............
###............
$$$
$##.$.......## $
#........## $ $
$.'######### $
$..# $ $|$# ###


You could see 2 deep elf blademasters, 4 deep elf annihilators and a deep elf
high priest.

Vanquished Creatures
  Nikola (Elf:2)
  2 deep elf blademasters (Elf:3)
  A deep elf master archer (Elf:3)
  Kirke (Lair:6)
  Agnes (Elf:2)
  Donald (Elf:2)
  The ghost of Tovarisch the Cleaver, a journeyman DDNe of Makhleb (Lair:6)
  A deep elf sorcerer (Elf:3)
  2 orc warlords (Orc:2)
  Louise (Elf:3)
  4 deep elf elementalists (Elf:3)
  4 deep elf demonologists (Elf:3)
  Nessos (Lair:6)
  3 deep elf annihilators (Elf:3)
  Josephine (D:10)
  Harold (D:10)
  2 catoblepae
  8 hydras
  A death knight (D:11)
  A two-headed ogre (D:10)
  A deep troll shaman (Lair:6)
  5 orc high priests
  The ghost of Gorice the Magician, a novice GnWn of Okawaru (D:8)
  5 death yaks (Lair:6)
  Nergalle (D:12)
  Urug (D:12)
  25 deep elf knights
  The ghost of CLM the Insei, a novice DsTm of Makhleb (D:10)
  An unseen horror (D:10)
  A skeletal warrior (D:11)
  15 deep elf archers
  A lindwurm (shapeshifter) (Elf:2)
  A lindwurm (Lair:6)
  5 orc knights
  6 orc sorcerers
  2 oklob plants (Lair:5)
  An orb spider (Lair:2)
  3 cyclopes
  47 deep elf magi
  5 ugly things
  4 manticores
  4 elephants (Lair:6)
  2 black mambas
  3 ice statues
  8 spiny frogs
  11 komodo dragons
  3 centaur skeletons
  3 rime drakes
  A freezing wraith (D:11)
  5 trolls
  A queen bee (Lair:2)
  3 polar bears
  3 slime creatures
  Grinder (D:6)
  A hornet (D:11)
  2 dream sheep (D:9)
  5 hippogriffs
  8 blink frogs (Lair:1)
  An air elemental (Elf:1)
  Sigmund (D:3)
  2 fire elementals
  7 wraiths
  46 yaks
  6 hogs (Lair:6)
  4 water elementals (Elf:1)
  A fire bat (D:4)
  A steam dragon (D:12)
  2 basilisks (Lair:6)
  6 wargs
  4 water moccasins
  6 porcupines
  40 orc warriors
  14 ice beasts
  3 black bears (D:9)
  An eye of draining (D:12)
  4 sky beasts
  A phantom (D:11)
  14 wolves
  7 ogres
  14 centaurs
  6 crocodiles
  4 big kobolds
  8 bullfrogs
  3 gnoll sergeants (D:5)
  5 earth elementals
  4 scorpions
  4 wights (D:12)
  33 killer bees
  4 electric eels
  2 howler monkeys
  8 crimson imps
  A bullfrog zombie (D:11)
  15 hounds
  9 jellies
  23 orc priests
  25 orc wizards
  A bullfrog skeleton (D:5)
  4 gnoll shamans
  8 iguanas
  3 worker ants
  A killer bee zombie (D:7)
  2 worker ant zombies
  31 gnolls
  10 adders
  2 shadow imps
  4 white imps (D:8)
  13 oozes
  2 adder zombies
  2 worms (D:2)
  2 dart slugs
  5 leopard geckos
  85 orcs
  4 giant cockroaches (D:3)
  5 goblins
  8 hobgoblins
  31 jackals
  8 kobolds
  5 quokkas
  2 ball pythons (D:3)
  5 bats
  3 frilled lizards
  A leopard gecko skeleton (D:7)
  A quokka simulacrum (D:8)
  3 rats
824 creatures vanquished.

Vanquished Creatures (collateral kills)
  An orc (Orc:2)
1 creature vanquished.

Vanquished Creatures (others)
  29 dancing weapons
  An air elemental (Elf:1)
  A quokka (D:4)
  7 fungi
  A plant (Lair:6)
39 creatures vanquished.

Grand Total: 864 creatures vanquished

Notes
Turn   | Place    | Note
-------+----------+-------------------------------------------
     0 | D:1      | Amnesiac the Spriggan Enchanter began the quest for the
                  | Orb.
     0 | D:1      | Reached XP level 1. HP: 9/9 MP: 5/5
   300 | D:2      | Reached skill level 5 in Stealth
   318 | D:2      | Reached XP level 2. HP: 13/13 MP: 6/6
   325 | D:2      | Learned a level 2 spell: Ensorcelled Hibernation
   611 | D:2      | Reached skill level 6 in Stealth
   611 | D:2      | Reached XP level 3. HP: 16/16 MP: 2/8
   631 | D:3      | Noticed Sigmund
   970 | D:2      | Learned a level 3 spell: Confuse
   988 | D:3      | Found a blossoming altar of Fedhas.
  1600 | D:3      | Reached XP level 4. HP: 21/21 MP: 1/9
  1616 | D:3      | Reached skill level 7 in Stealth
  1737 | D:3      | Learned a level 3 spell: Tukima's Dance
  1782 | D:5      | Entered Level 5 of the Dungeon
  1782 | D:5      | Noticed an ogre
  1783 | D:5      | Killed an ogre
  1783 | D:5      | Reached skill level 8 in Stealth
  1783 | D:5      | Reached XP level 5. HP: 21/24 MP: 10/10
  1812 | D:7      | Found a transporter.
  1822 | D:6      | Found a staircase to the Ecumenical Temple.
  1833 | Temple   | Entered the Ecumenical Temple
  2057 | D:6      | Noticed Grinder
  2060 | D:6      | Noticed an orc warrior
  2597 | D:6      | Reached XP level 6. HP: 25/28 MP: 2/12
  2832 | D:6      | Killed Grinder
  2832 | D:6      | Reached skill level 5 in Spellcasting
  2832 | D:6      | Reached skill level 5 in Hexes
  2832 | D:6      | Reached XP level 7. HP: 19/32 MP: 8/15
  2933 | Temple   | Became a worshipper of Gozag Ym Sagoz the Greedy
  4136 | D:3      | Killed Sigmund
  4466 | D:4      | Found a transporter.
  4478 | D:4      | Found a radiant altar of Vehumet.
  4578 | D:4      | Found a transporter.
  4811 | D:4      | Noticed a fire bat
  4816 | D:4      | Killed a fire bat
  5523 | D:5      | Reached XP level 8. HP: 36/42 MP: 4/17
  5850 | D:5      | Reached skill level 5 in Dodging
  6443 | D:5      | Reached skill level 9 in Stealth
  7225 | D:6      | Reached XP level 9. HP: 45/45 MP: 10/19
  7579 | D:7      | Found a transporter.
  8490 | D:8      | Found a runed gate.
  8490 | D:8      | Found a runed gate.
  8490 | D:8      | Found a runed gate.
  8531 | D:8      | Reached skill level 10 in Stealth
  8551 | D:8      | Learned a level 3 spell: Dazzling Spray
  8551 | D:8      | Noticed Gorice's ghost (novice GnWn)
  8661 | D:8      | Killed Gorice's ghost
  8729 | D:8      | Got the ring of the Ninety-Nine Orbs {Fire}
  8761 | D:8      | Identified the ring of the Ninety-Nine Orbs {Fire *Drain
                  | rPois rN+++ MR+ Int-2} (You found it on level 8 of the
                  | Dungeon)
  8795 | D:8      | Found Afabez's Gadget Shop.
  8884 | D:8      | Reached skill level 5 in Short Blades
  9113 | D:8      | Found a burning altar of Makhleb.
  9115 | D:8      | Found a sacrificial altar of Ru.
  9130 | D:8      | Found a glowing golden altar of the Shining One.
  9141 | D:8      | Found a hazy altar of Hepliaklqana.
  9254 | D:9      | Reached XP level 10. HP: 47/49 MP: 7/22
  9327 | D:9      | Found Zeeji's Jewellery Shop.
  9430 | D:9      | Reached skill level 10 in Hexes
  9477 | D:9      | Reached skill level 11 in Stealth
 10151 | D:9      | Noticed a two-headed hydra
 10195 | D:9      | Killed a two-headed hydra
 10195 | D:9      | Reached skill level 12 in Stealth
 10268 | D:10     | Entered Level 10 of the Dungeon
 10271 | D:10     | Reached skill level 10 in Dodging
 10301 | D:10     | Found a runed gate.
 10301 | D:10     | Found a runed gate.
 10302 | D:10     | Found a runed gate.
 10307 | D:10     | Noticed CLM's ghost (novice DsTm)
 10345 | D:10     | Killed CLM's ghost
 10459 | D:10     | Noticed Harold
 10472 | D:10     | Killed Harold
 10472 | D:10     | Reached skill level 13 in Stealth
 10472 | D:10     | Reached XP level 11. HP: 53/53 MP: 23/23
 10554 | D:10     | Noticed Josephine
 10588 | D:10     | Killed Josephine
 10678 | D:10     | Noticed an unseen horror
 10694 | D:10     | Killed an unseen horror
 10694 | D:10     | Reached skill level 14 in Stealth
 10731 | D:10     | Noticed a two-headed ogre
 10740 | D:10     | Killed a two-headed ogre
 11340 | D:11     | Reached skill level 15 in Stealth
 11382 | D:11     | Noticed a skeletal warrior
 11383 | D:11     | Noticed a death knight
 11905 | D:11     | Found a staircase to the Orcish Mines.
 11905 | D:11     | Found a staircase to the Lair.
 11995 | D:11     | Killed a skeletal warrior
 12060 | D:11     | Reached skill level 5 in Fighting
 12160 | D:11     | Reached XP level 12. HP: 54/60 MP: 15/24
 12240 | D:11     | Found Wemyps's Jewellery Emporium.
 12751 | D:11     | Killed a death knight
 12775 | D:12     | Noticed Nergalle
 12811 | D:12     | Killed Nergalle
 12811 | D:12     | Reached skill level 10 in Short Blades
 13656 | D:12     | Noticed Urug
 13663 | D:12     | Killed Urug
 14342 | Orc:1    | Entered Level 1 of the Orcish Mines
 14347 | Orc:1    | Noticed an orc high priest
 14393 | D:11     | Killed an orc high priest
 14911 | Orc:1    | Found Vofrob's Antique Weapon Emporium.
 15058 | Orc:1    | You fall through a shaft!
 15058 | Orc:2    | Entered Level 2 of the Orcish Mines
 15058 | Orc:2    | Noticed an orc warlord
 15058 | Orc:2    | Noticed an orc high priest
 15062 | Orc:2    | Noticed an orc high priest
 15062 | Orc:2    | Noticed an orc high priest
 15161 | Orc:2    | Found a roughly hewn altar of Beogh.
 15299 | Orc:2    | Reached skill level 10 in Fighting
 15431 | Orc:2    | Reached XP level 13. HP: 63/72 MP: 20/25
 15463 | Orc:2    | Noticed an orc warlord
 15816 | Orc:2    | Found Tudeesk's Jewellery Boutique.
 15991 | Orc:2    | Found a staircase to the Elven Halls.
 16102 | Orc:2    | Killed an orc warlord
 16102 | Orc:2    | Reached skill level 16 in Stealth
 16335 | Orc:2    | Reached skill level 17 in Stealth
 16665 | Orc:2    | Reached skill level 18 in Stealth
 17382 | Orc:2    | Killed an orc warlord
 17382 | Orc:2    | Reached skill level 19 in Stealth
 17867 | Orc:2    | Found Giqiekleaju's General Store.
 17868 | Orc:2    | Found Momap's Book Emporium.
 17869 | Orc:2    | Found Nodaor's Antique Armour Shoppe.
 17869 | Orc:2    | Found Xaun's Antique Weapon Shoppe.
 17873 | Orc:2    | Bought a runed cloak for 202 gold pieces
 17893 | Orc:2    | Bought a book of Party Tricks for 750 gold pieces
 17907 | Orc:2    | Learned a level 1 spell: Apportation
 17909 | Orc:2    | Learned a level 1 spell: Summon Butterflies
 17916 | Orc:2    | Learned a level 6 spell: Invisibility
 17983 | Lair:1   | Entered Level 1 of the Lair of Beasts
 18293 | Lair:1   | Reached skill level 20 in Stealth
 18970 | Orc:2    | Bought a runed dagger for 170 gold pieces
 18981 | Orc:2    | Bought a scroll of silence for 112 gold pieces
 18981 | Orc:2    | Bought a scroll of vulnerability for 112 gold pieces
 18986 | Orc:2    | Bought a glowing robe for 92 gold pieces
 19228 | Lair:2   | Reached XP level 14. HP: 77/77 MP: 26/26
 19313 | Lair:2   | Found a frozen archway.
 19316 | Lair:2   | Reached skill level 21 in Stealth
 19631 | IceCv    | Entered an ice cave
 19633 | IceCv    | Found a transporter.
 19827 | IceCv    | Found the +6 Majin-Bo {vamp, Archmagi MP+6 Int+6}
 19827 | IceCv    | Found a transporter.
 19898 | Lair:2   | Found a hole to the Spider Nest.
 20657 | Lair:3   | Learned a level 2 spell: Blink
 20661 | Lair:3   | Learned a level 3 spell: Mephitic Cloud
 20665 | Lair:3   | Learned a level 3 spell: Conjure Flame
 20803 | Lair:3   | Found a staircase to the Shoals.
 20812 | Lair:3   | Reached skill level 22 in Stealth
 22552 | Lair:5   | Identified a scroll of acquirement {!r}
 22869 | Lair:5   | Found a staircase to the Slime Pits.
 23042 | Slime:1  | Entered Level 1 of the Pits of Slime
 23042 | Slime:1  | Noticed an acid blob
 23239 | Lair:6   | Entered Level 6 of the Lair of Beasts
 23272 | Lair:6   | Reached skill level 23 in Stealth
 23441 | Lair:6   | Found a runed gate.
 23441 | Lair:6   | Found a runed gate.
 23442 | Lair:6   | Found a runed gate.
 23444 | Lair:6   | Noticed Tovarisch's ghost (journeyman DDNe)
 23452 | Lair:6   | Killed Tovarisch's ghost
 23991 | Lair:6   | Noticed Kirke
 24003 | Lair:6   | Reached skill level 24 in Stealth
 24155 | Lair:6   | Killed Kirke
 24399 | Lair:6   | Noticed Nessos
 24420 | Lair:6   | Killed Nessos
 24643 | Lair:6   | Reached XP level 15. HP: 80/80 MP: 23/27
 24647 | Lair:6   | Reached skill level 25 in Stealth
 25027 | D:11     | Bought a scroll of enchant armour for 105 gold pieces
 25126 | Orc:2    | Bought a hat for 108 gold pieces
 25196 | Elf:1    | Entered Level 1 of the Elven Halls
 25626 | Elf:1    | Gained mutation: Armour fits poorly on your strangely
                  | shaped body. [mutagenic glow]
 25881 | Elf:1    | Lost mutation: Armour fits poorly on your strangely shaped
                  | body. [potion of mutation]
 25881 | Elf:1    | Gained mutation: You can translocate small distances at
                  | will. [potion of mutation]
 25881 | Elf:1    | Gained mutation: You have a pair of small horns on your
                  | head. [potion of mutation]
 26023 | Elf:1    | Reached skill level 1 in Evocations
 26066 | Elf:1    | Reached skill level 5 in Evocations
 26915 | Elf:2    | Noticed Donald
 26930 | Elf:2    | Killed Donald
 26968 | Elf:2    | Found a runed gate.
 26968 | Elf:2    | Found a runed gate.
 27058 | Elf:2    | Found a runed gate.
 27088 | Elf:2    | Noticed Agnes
 27095 | Elf:2    | Killed Agnes
 27095 | Elf:2    | Reached XP level 16. HP: 90/90 MP: 28/28
 27385 | Elf:2    | Noticed Nikola
 27393 | Elf:2    | Killed Nikola
 28536 | Elf:3    | Identified a paperback manual
 28536 | Elf:3    | Entered Level 3 of the Elven Halls
 28584 | Elf:3    | Noticed Louise
 28591 | Elf:3    | Killed Louise
 29031 | Elf:3    | Reached skill level 1 in Shields
 29075 | Elf:3    | Got a smoking mace
 30125 | Elf:3    | Identified the ring "Onuj" {rN+ EV+2}
 30135 | Elf:3    | Noticed a deep elf blademaster
 30137 | Elf:3    | Noticed a deep elf blademaster
 30146 | Elf:3    | Killed a deep elf blademaster
 30151 | Elf:3    | Killed a deep elf blademaster
 30151 | Elf:3    | Reached skill level 5 in Shields
 30301 | Elf:3    | Reached XP level 17. HP: 56/98 MP: 19/29
 31487 | Elf:3    | Noticed a deep elf master archer
 31488 | Elf:3    | Noticed a deep elf blademaster
 31489 | Elf:3    | Noticed a deep elf blademaster
 31490 | Elf:3    | Killed a deep elf master archer
 31494 | Elf:3    | Killed from afar by a deep elf annihilator

Vault maps used:
D:1:      minmay_arrival_four_circles, minmay_pentomino_s2
D:3:      fedhas_altar_2, uniq_sigmund
D:4:      gammafunk_cloud_chamber, fiery_altar_vehumet
D:5:      first_ration, serial_gnoll_camp, gnoll_camp_huts_basic,
          gnoll_camp_mini_doghouse, gnoll_camp_mini_doghouse,
          gnoll_camp_medium_02, gnoll_camp_mini_basic
D:6:      minmay_temple_entry_mist, uniq_grinder
D:7:      gammafunk_steamed_eel
D:8:      minitemple, gammafunk_ghost_icy, serial_shops, nicolae_shop_crystal
D:9:      serial_shops, nicolae_shop_stone, hangedman_ranch
D:10:     ebering_ghost_rock_garden, kennysheep_windowed_goal, uniq_harold,
          uniq_josephine
D:11:     cheibrodos_tormentor_scu, lair_entry_dummy, orc_0_dummy, serial_shops,
          nicolae_shop_behind_doors
D:12:     minivault_15, uniq_nergalle, uniq_urug
Temple:   eino_temple_scatter_basement
Lair:1:   beast_lair_carwin_10, grunt_megastairs_2, serial_bayou_shore_b
Lair:2:   nicolae_spider_entry_orb_guardian, special_room, portal_ice_cave_rime,
          nicolae_lair_grove_arrangements
Lair:3:   minmay_shoals_entry_beasts, fungi_pond_lemuel, lemuel_fruit_fields,
          infiniplex_staircase_pool
Lair:4:   lemuel_slime
Lair:5:   minmay_slime_entry_oklob_enclosed
Lair:6:   grunt_lair_end_beastmaster, ebering_ghost_rock_garden, uniq_kirke,
          uniq_nessos
Orc:1:    cheibrodos_orc_guarddog, serial_shops, shop
Orc:2:    st_orc_congregation, serial_shops, nicolae_shop_behind_doors,
          statue_in_the_mist_lemuel, david_defended_altar_orc
Elf:1:    minivault_28
Elf:2:    spider_trap, uniq_nikola, uniq_donald, uniq_agnes
Elf:3:    nooodl_elf_gasket, uniq_louise
IceCv:    ice_cave_statue_garden_transporter

Skill      XL: |  1  2  3  4  5  6  7  8  9 10 11 12 13 14 15 16 17 |
---------------+----------------------------------------------------+-----
Stealth        | 5 6 8 9 10 13 15 20 24 25 | 25.0
Short Blades   | 2 3 5 7 9 10 | 10.0
Dodging        | 4 6 7 10 13 | 13.0
Spellcasting   | 3 5 6 7 |  7.5
Hexes          | 4 5 7 9 10 | 10.0
Fighting       | 4 5 10 12 14 | 14.6
Evocations     | 8 |  8.0
Shields        | 5 6 |  6.4

Action                   |  1- 3 |  4- 6 |  7- 9 | 10-12 | 13-15 | 16-18 || total
-------------------------+-------+-------+-------+-------+-------+-------++-------
Melee: Dagger            |    61 |    38 |   302 |   531 |   929 |   213 ||  2074
       Unarmed           |       |     3 |       |       |       |       ||     3
       Headbutt          |       |       |       |       |    11 |    26 ||    37
 Cast: Corona            |     3 |       |       |       |       |       ||     3
       Ensorcelled Hiber |    38 |    20 |   168 |   188 |   248 |       ||   662
       Confuse           |       |     5 |    30 |   112 |    96 |    21 ||   264
       Dazzling Spray    |       |       |       |    38 |    14 |    27 ||    79
       Tukima's Dance    |       |       |       |       |     5 |       ||     5
       Invisibility      |       |       |       |       |    11 |    13 ||    24
       Summon Butterflie |       |       |       |       |     1 |       ||     1
       Blink             |       |       |       |       |     2 |     2 ||     4
       Conjure Flame     |       |       |       |       |     2 |       ||     2
       Mephitic Cloud    |       |       |       |       |       |     4 ||     4
Invok: Call Merchant     |       |       |       |       |     7 |       ||     7
       Potion Petition   |       |       |       |       |     1 |       ||     1
 Abil: Blink             |       |       |       |       |     1 |       ||     1
Evoke: Wand              |       |       |     1 |       |     3 |     4 ||     8
       Phantom mirror    |       |       |       |       |       |     1 ||     1
  Use: Scroll            |     8 |       |     8 |     5 |    11 |     1 ||    33
       Potion            |       |     1 |       |     3 |     2 |       ||     6
 Stab: Sleeping          |    25 |    10 |   115 |   118 |   191 |    30 ||   489
       Confused          |       |     2 |    19 |    67 |    59 |     7 ||   154
       Distracted        |       |       |     2 |     4 |     9 |     3 ||    18
       Invisible         |       |       |       |     8 |    81 |    43 ||   132
       Petrifying        |       |       |       |       |     3 |       ||     3
       Petrified         |       |       |       |       |     1 |       ||     1
  Eat: Ration            |     3 |       |     3 |     6 |     7 |     7 ||    26
Armor: Robe              |     4 |     1 |    22 |     6 |    25 |     2 ||    60
       Skin              |       |     4 |       |       |       |       ||     4
Dodge: Dodged            |    50 |    33 |   256 |   609 |   776 |   146 ||  1870
Block: Buckler           |       |       |       |       |       |     2 ||     2

Table legend:
 A = Non-vault XP
 B = Vault XP
 C = Vault XP percentage of total XP
 D = Non-vault monster count
 E = Vault monster count
 F = Vault count percentage of total count
                 A         B        C        D         E       F
            +---------+---------+-------+---------+---------+-------
      Total |  116274 |  111109 |  48.9 |     537 |     318 |  37.2
            +---------+---------+-------+---------+---------+-------
        D:1 |      26 |       0 |   0.0 |      14 |       0 |   0.0
        D:2 |      59 |       0 |   0.0 |      21 |       0 |   0.0
        D:3 |     105 |     212 |  66.9 |      23 |       1 |   4.2
        D:4 |      82 |     190 |  69.9 |      12 |       1 |   7.7
        D:5 |     363 |    1060 |  74.5 |      14 |      48 |  77.4
        D:6 |     693 |     248 |  26.4 |      18 |       1 |   5.3
        D:7 |     458 |     111 |  19.5 |      12 |       2 |  14.3
        D:8 |     298 |    1280 |  81.1 |      11 |       9 |  45.0
        D:9 |    1753 |    2182 |  55.5 |      31 |       8 |  20.5
       D:10 |    3845 |    3794 |  49.7 |      22 |       8 |  26.7
       D:11 |    7327 |    3144 |  30.0 |      52 |       9 |  14.8
       D:12 |    6823 |    2057 |  23.2 |      36 |       3 |   7.7
     Lair:1 |    5300 |    2289 |  30.2 |      17 |      10 |  37.0
     Lair:2 |    4751 |    3090 |  39.4 |      11 |      28 |  71.8
     Lair:3 |     909 |     796 |  46.7 |       9 |       2 |  18.2
     Lair:4 |    3811 |     587 |  13.3 |      15 |      19 |  55.9
     Lair:5 |    2003 |    1107 |  35.6 |       9 |       2 |  18.2
     Lair:6 |    9945 |   15952 |  61.6 |      38 |      26 |  40.6
    Slime:1 |     531 |       0 |   0.0 |       2 |       0 |   0.0
      Orc:1 |     867 |       0 |   0.0 |      19 |       0 |   0.0
      Orc:2 |    6031 |   11693 |  66.0 |      55 |      76 |  58.0
      Elf:1 |   27797 |    6630 |  19.3 |      47 |      12 |  20.3
      Elf:2 |   12251 |   28656 |  70.1 |      18 |      29 |  61.7
      Elf:3 |   20246 |   23305 |  53.5 |      31 |      14 |  31.1
      IceCv |       0 |    2726 | 100.0 |       0 |      10 | 100.0
            +---------+---------+-------+---------+---------+-------
